 Dungeon Crawl Stone Soup version 0.31-a0-193-gdfe2569204 (webtiles) character file.

Game seed: 14493898225071500645

48 qw the Shooter (level 3, -2/20 HPs)
             Began as a Deep Elf Hunter on June 23, 2023.
             Slain by a goblin
             ... wielding a +0 dagger
             ... led by Robin
              (5 damage)
             ... on level 2 of the Dungeon on June 24, 2023.
             The game lasted 00:00:21 (786 turns).

qw the Shooter (Deep Elf Hunter)                     Turns: 786, Time: 00:00:22

Health: -2/20      AC:  3    Str: 10    XL:     3   Next: 50%
Magic:  5/5        EV: 17    Int: 13    God:
Gold:   82         SH:  0    Dex: 18    Spells: 2/2 levels left

rFire   . . .        Y - +0 shortbow
rCold   . . .        (shield currently unavailable)
rNeg    . . .        c - +0 leather armour
rPois   .            (no helmet)
rElec   .            (no cloak)
rCorr   .            (no gloves)
SInv    .            (no boots)
Will    .....        (no amulet)
Stlth   ++           e - +5 ring of evasion
HPRegen 0.23/turn    (no ring)
MPRegen 0.09/turn

%: no passive effects
@: no status effects
A: no striking features
a: no special abilities


You were on level 2 of the Dungeon.
You visited 1 branch of the dungeon, and saw 2 of its levels.

You collected 82 gold pieces.


   Skills:
 - Level 1.5 Fighting
 + Level 7.0 Ranged Weapons
 - Level 2.4 Dodging
 - Level 1.2 Stealth


You had 2 spell levels left.
You didn't know any spells.
Your spell library was empty.

Inventory:

Hand Weapons
 Y - a +0 shortbow (weapon)
Armour
 c - a +0 leather armour (worn)
Jewellery
 e - a +5 ring of evasion (left hand)
Potions
 d - a potion of curing {unknown}
 g - a potion of heal wounds {unknown}
 h - a potion of might

Dungeon Overview and Level Annotations

Branches:
Dungeon (2/15)

Altars:

Annotations:
D:2 Robin


Message History

You kill the goblin!
A hobgoblin comes into view.
The goblin barely misses you.
You shoot an arrow. The arrow barely misses the goblin.
The goblin misses you. The goblin barely misses you.
The goblin hits you with a +0 club.
You shoot an arrow. The arrow hits the goblin.
The goblin is moderately wounded.
The goblin no longer looks unusually strong.
The hobgoblin no longer looks unusually strong.
The goblin completely misses you. The goblin misses you. x2
You shoot an arrow. The arrow closely misses the goblin.
Robin throws the goblin at you!
An endoplasm comes into view.
The goblin barely misses you. The goblin closely misses you.
The goblin barely misses you. The hobgoblin barely misses you.
The goblin closely misses you. The goblin misses you.
The goblin barely misses you.
You shoot an arrow. The arrow barely misses the goblin.
The endoplasm quivers.
Robin roars a battlecry!
The goblins go into a battle-frenzy!
The hobgoblin barely misses you. The goblin hits you with a +0 dagger.
The goblin misses you. The goblin closely misses you.
You shoot an arrow. The arrow hits the goblin!
You kill the goblin!
The hobgoblin hits you but does no damage.
The goblin closely misses you.
You shoot an arrow.
The arrow hits the goblin but does no damage.
The hobgoblin hits you but does no damage.
The goblin barely misses you. The goblin hits you with a +0 dagger.
You shoot an arrow. The arrow hits Robin.
Robin is lightly wounded.
Robin barely misses you. The goblin hits you but does no damage.
The hobgoblin completely misses you. The goblin completely misses you.
You shoot an arrow. The arrow hits Robin.
Robin is moderately wounded.
Robin throws the goblin at you!
The goblin hits you with a +0 dagger. x2
You die...

#. #. ..## #######
#.). #.....#
#.)######.###.#
#.g#<#..#.# #.#
#Jg#.#..#.###.#####
#g@#....#...#.....#
###########
##gg###.####.#####.#
#.........#
#............# #...#
#.#######.#
#.#####.########.#.#
#.# #.###.#
#......%)..#.# #.#
#...#.#
#.##..######## #.#
#######.#.# #.###..#
##.#
#.........#####.#
##... ...#
#.#####.###...#.#
##...


You could see Robin, an endoplasm, 2 hobgoblins and 2 goblins.

Vanquished Creatures
  2 dart slugs (D:1)
  4 ball pythons (D:1)
  3 bats (D:1)
  2 endoplasms (D:1)
  A giant cockroach (D:1)
  10 goblins
  6 hobgoblins
  2 quokkas (D:1)
  A frilled lizard (D:1)
  3 kobolds (D:1)
  4 rats
38 creatures vanquished.

Notes
Turn   | Place    | Note
-------+----------+-------------------------------------------
     0 | D:1      | qw the Deep Elf Hunter began the quest for the Orb.
     0 | D:1      | Reached XP level 1. HP: 12/12 MP: 3/3
     0 | D:1      | 0 ||| qw: Version: 0.3-a-9-g12657ce
     0 | D:1      | 0 ||| qw: Game counter: 4643
     0 | D:1      | 0 ||| qw: Always use a shield: true
     0 | D:1      | 0 ||| qw: God list: Okawaru
     0 | D:1      | 0 ||| qw: Allow faded altars: false
     0 | D:1      | 0 ||| qw: Do Orc after D:15 true
     0 | D:1      | 0 ||| qw: Do second Lair branch before Depths: true
     0 | D:1      | 0 ||| qw: Lair rune preference: random
     0 | D:1      | 0 ||| qw: Plans: Normal
     0 | D:1      | 0 ||| PLANNING D:1-11
   112 | D:1      | Reached XP level 2. HP: 16/16 MP: 4/4
   118 | D:1      | Reached skill level 6 in Ranged Weapons
   537 | D:1      | Reached XP level 3. HP: 20/20 MP: 5/5
   624 | D:1      | 624 ||| UPGRADING to +5 ring of evasion.
   625 | D:1      | 625 ||| READING scroll labelled ARRE YFIM SIAT.
   626 | D:1      | 626 ||| DRINKING 2 black potions.
   627 | D:1      | 627 ||| DROPPING scroll of butterflies.
   768 | D:2      | Noticed Robin
   774 | D:2      | Reached skill level 7 in Ranged Weapons
   786 | D:2      | HP: 3/20 [goblin/+0 dagger[Robin] (3)]
   786 | D:2      | Slain by a goblin

Levels and vault maps discovered:
D:1:      amcnicky_arrival_flooded_fountain, layout_basic
D:2:      layout_basic, minmay_statues_item, moated_statue, uniq_robin

Skill      XL: |  1  2  3 |
---------------+----------+-----
Ranged Weapons | 6 7 |  7.0
Fighting       | |  1.5
Dodging        | |  2.4
Stealth        | |  1.2

Action                     || total
---------------------------++-------
   Fire: Shortbow          ||    97
    Use: Scroll            ||     1
         Potion            ||     1
 Armour: Leather armour    ||    11
  Dodge: Dodged            ||    33

Table legend:
 A = Non-vault XP
 B = Vault XP
 C = Vault XP percentage of total XP
 D = Non-vault monster count
 E = Vault monster count
 F = Vault count percentage of total count
                 A         B        C        D         E       F
            +---------+---------+-------+---------+---------+-------
      Total |      53 |      16 |  23.2 |      30 |       8 |  21.1
            +---------+---------+-------+---------+---------+-------
        D:1 |      46 |       0 |   0.0 |      26 |       0 |   0.0
        D:2 |       7 |      16 |  69.6 |       4 |       8 |  66.7
            +---------+---------+-------+---------+---------+-------
